[Event "45th FIDE Womens Olympiad 2024"]
[Site "Budapest"]
[Date "2024.09.14"]
[Round "4.50"]
[White "Paehtz, Elisabeth"]
[Black "Campos, Maria Jose"]
[Result "1-0"]
[ECO "E04"]
[WhiteElo "2455"]
[BlackElo "2252"]
[Annotator "ChessBase"]
[PlyCount "105"]
[EventDate "2024.09.05"]
[EventType "team-tourn"]
[EventCountry "HUN"]
[SourceTitle "playchess.com"]
[Source "ChessBase"]
[SourceQuality "1"]
[WhiteTeam "Germany"]
[BlackTeam "Argentina"]
[WhiteTeamCountry "GER"]
[BlackTeamCountry "ARG"]
[TimeControl "40/5400+30:1800+30"]

1. d4 Nf6 2. c4 e6 3. Nf3 d5 4. g3 dxc4 5. Bg2 Nc6 6. O-O Rb8 7. e3 Bd7 8. Qe2 b5 9. b3 cxb3 10. axb3 Rb6 11. e4 a6 12. Be3 Nb4 13. Ne5 Be7 14. Nc3 Rb8 15. Rfd1 O-O 16. Na2 Ra8 17. Nxb4 Bxb4 18. Rdc1 a5 19. Qc2 Ne8 20. Nd3 Be7 21. e5 c6 22. Bd2 Qb6 23. Nc5 Bc8 24. Qe4 Bxc5 25. dxc5 Qd8 26. Qxc6 Ra6 27. Bxa5 Rxa5 28. Rxa5 Qxa5 29. Qxc8 Nc7 30. Qd7 f5 31. b4 Qa7 32. Rd1 h6 33. Qd4 Kh8 34. Ra1 Qb8 35. Qd6 Rd8 36. Qb6 Qc8 37. Qc6 Qb8 38. h4 Kh7 39. Qb6 Qc8 40. Qc6 Rd7 41. Bf1 Qd8 42. Ra7 Kh8 43. Kg2 f4 44. Bxb5 Rf7 45. Rxc7 f3+ 46. Kh3 Rxc7 47. Qe8+ Qxe8 48. Bxe8 Kg8 49. c6 Kf8 50. Bd7 Ke7 51. b5 Ra7 52. b6 Rxd7 53. b7 1-0

[Event "45th FIDE Womens Olympiad 2024"]
[Site "Budapest"]
[Date "2024.09.14"]
[Round "4.51"]
[White "Borda Rodas, Anapaola S."]
[Black "Heinemann, Josefine"]
[Result "1/2-1/2"]
[ECO "B55"]
[WhiteElo "2216"]
[BlackElo "2316"]
[Annotator "ChessBase"]
[PlyCount "109"]
[EventDate "2024.09.05"]
[EventType "team-tourn"]
[EventCountry "HUN"]
[SourceTitle "playchess.com"]
[Source "ChessBase"]
[SourceQuality "1"]
[WhiteTeam "Argentina"]
[BlackTeam "Germany"]
[WhiteTeamCountry "ARG"]
[BlackTeamCountry "GER"]
[TimeControl "40/5400+30:1800+30"]

1. e4 c5 2. Nf3 d6 3. d4 cxd4 4. Nxd4 Nf6 5. Bd3 Nc6 6. Be3 e5 7. Nxc6 bxc6 8. c4 Be7 9. Nc3 O-O 10. O-O Be6 11. Qe2 Ng4 12. Bc1 Bg5 13. h3 Bxc1 14. Raxc1 Nf6 15. Rfd1 Qe7 16. b4 Nd7 17. Rd2 a5 18. b5 Rfc8 19. Rdc2 Nc5 20. Qe3 Rab8 21. Bf1 Bd7 22. Rd1 Ne6 23. Rcd2 Nd4 24. bxc6 Bxc6 25. Ne2 Ba4 26. Rc1 Nxe2+ 27. Bxe2 Rc5 28. Qd3 g6 29. Rb1 Rxb1+ 30. Qxb1 Kg7 31. Qb8 Rc6 32. Bf1 Qf8 33. Qa7 Rc5 34. Rb2 Qd8 35. Rb8 Qd7 36. Rb7 Qe6 37. Re7 Qf6 38. Rc7 Rxc7 39. Qxc7 Bc2 40. Qxa5 Bxe4 41. c5 dxc5 42. Qxc5 Bc6 43. Bb5 Bxb5 44. Qxb5 e4 45. a4 Qd4 46. Qb3 Qa1+ 47. Kh2 h5 48. Qb5 Qf6 49. Qc5 Qf4+ 50. g3 Qd2 51. h4 Kh7 52. Kg2 Qa2 53. a5 e3 54. Qxe3 Qxa5 55. Qe4 1/2-1/2

[Event "45th FIDE Womens Olympiad 2024"]
[Site "Budapest"]
[Date "2024.09.14"]
[Round "4.52"]
[White "Klek, Hanna Marie"]
[Black "Sarquis, Maria Belen"]
[Result "0-1"]
[ECO "B15"]
[WhiteElo "2296"]
[BlackElo "2172"]
[Annotator "ChessBase"]
[PlyCount "86"]
[EventDate "2024.09.05"]
[EventType "team-tourn"]
[EventCountry "HUN"]
[SourceTitle "playchess.com"]
[Source "ChessBase"]
[SourceQuality "1"]
[WhiteTeam "Germany"]
[BlackTeam "Argentina"]
[WhiteTeamCountry "GER"]
[BlackTeamCountry "ARG"]
[TimeControl "40/5400+30:1800+30"]

1. e4 c6 2. d4 d5 3. Nc3 dxe4 4. Nxe4 Nf6 5. Nxf6+ exf6 6. c3 Bd6 7. Bd3 O-O 8. Qc2 Re8+ 9. Ne2 h5 10. Be3 Nd7 11. c4 Nf8 12. O-O-O h4 13. h3 Be6 14. a3 Rc8 15. Nc3 a6 16. Rhe1 Ng6 17. Kb1 b5 18. c5 Bb8 19. Bxg6 fxg6 20. Qxg6 Qd7 21. Qh5 a5 22. d5 cxd5 23. Nxd5 Qb7 24. Qf3 Qf7 25. Ka1 b4 26. Nb6 bxa3 27. Nxc8 axb2+ 28. Kxb2 Rxc8 29. Bd4 Bd5 30. Qe3 Qb7+ 31. Ka1 Bf7 32. Qa3 a4 33. f3 Bb3 34. Rd3 Qd5 35. Qb2 Bg3 36. Re4 Rb8 37. Rd2 Qc4 38. Rde2 Qd3 39. Qc1 Bd5 40. Re8+ Rxe8 41. Rxe8+ Kf7 42. Qe3 Qf1+ 43. Kb2 Qb5+ 0-1

[Event "45th FIDE Womens Olympiad 2024"]
[Site "Budapest"]
[Date "2024.09.14"]
[Round "4.53"]
[White "Maksimovic, Masa"]
[Black "Kosteniuk, Alexandra"]
[Result "0-1"]
[ECO "C88"]
[WhiteElo "2093"]
[BlackElo "2483"]
[Annotator "ChessBase"]
[PlyCount "176"]
[EventDate "2024.09.05"]
[EventType "team-tourn"]
[EventCountry "HUN"]
[SourceTitle "playchess.com"]
[Source "ChessBase"]
[SourceQuality "1"]
[WhiteTeam "Bosnia & Herzegovina"]
[BlackTeam "Switzerland"]
[WhiteTeamCountry "BIH"]
[BlackTeamCountry "SUI"]
[TimeControl "40/5400+30:1800+30"]

1. e4 e5 2. Nf3 Nc6 3. Bb5 a6 4. Ba4 Nf6 5. O-O Be7 6. Re1 b5 7. Bb3 O-O 8. a4 Rb8 9. axb5 axb5 10. Nc3 Bc5 11. d3 h6 12. Nd5 Nxd5 13. Bxd5 Qf6 14. c3 Ne7 15. Bb3 d6 16. h3 Ng6 17. Qe2 Bb6 18. Nh2 Be6 19. Bc2 Nh4 20. Be3 Qg6 21. g4 f5 22. f3 fxg4 23. fxg4 Bxe3+ 24. Qxe3 b4 25. Rf1 Rxf1+ 26. Rxf1 bxc3 27. bxc3 Rb2 28. Qc1 Ra2 29. Nf3 Nxf3+ 30. Rxf3 h5 31. g5 h4 32. c4 Qh5 33. Bd1 Bg4 34. c5 Bxf3 35. Bb3+ Kh7 36. Bxa2 Kg6 37. cxd6 cxd6 38. Kf2 Bd1 39. Qe3 Qxg5 40. Bf7+ Kf6 41. Qxg5+ Kxg5 42. Ke3 Kf6 43. Be8 Bb3 44. Bd7 g5 45. Kf3 Bc2 46. Ke3 Bd1 47. Bf5 Bc2 48. Bd7 Bb1 49. Bc8 Ba2 50. Kf3 Bf7 51. Kg4 Bb3 52. Kf3 Ba4 53. Ke3 Bb5 54. Bg4 Ke7 55. Bc8 Bd7 56. Bxd7 Kxd7 57. Kf3 Kc6 58. Kg4 Kc5 59. Kxg5 Kd4 60. Kxh4 Kxd3 61. Kg5 Kxe4 62. h4 d5 63. h5 d4 64. h6 d3 65. h7 d2 66. h8=Q d1=Q 67. Qa8+ Ke3 68. Kf5 Qh5+ 69. Ke6 e4 70. Qa3+ Kf2 71. Qb2+ Kg3 72. Qc3+ Kg4 73. Qe1 Kf4 74. Qf2+ Qf3 75. Qh2+ Qg3 76. Qh6+ Kf3 77. Qh1+ Qg2 78. Qd1+ Kf4 79. Qd6+ Kf3 80. Qd1+ Qe2 81. Qh1+ Ke3 82. Qg1+ Kf4 83. Qh1 e3 84. Qh6+ Kg3 85. Ke5 Qf3 86. Qg6+ Kf2 87. Qc2+ e2 88. Kd4 Kf1 0-1

[Event "45th FIDE Womens Olympiad 2024"]
[Site "Budapest"]
[Date "2024.09.14"]
[Round "4.54"]
[White "Georgescu, Lena"]
[Black "Babic, Milana"]
[Result "1/2-1/2"]
[ECO "C10"]
[WhiteElo "2266"]
[BlackElo "2080"]
[Annotator "ChessBase"]
[PlyCount "65"]
[EventDate "2024.09.05"]
[EventType "team-tourn"]
[EventCountry "HUN"]
[SourceTitle "playchess.com"]
[Source "ChessBase"]
[SourceQuality "1"]
[WhiteTeam "Switzerland"]
[BlackTeam "Bosnia & Herzegovina"]
[WhiteTeamCountry "SUI"]
[BlackTeamCountry "BIH"]
[TimeControl "40/5400+30:1800+30"]

1. e4 e6 2. d4 d5 3. Nc3 dxe4 4. Nxe4 Nd7 5. Nf3 Ngf6 6. Nxf6+ Nxf6 7. Bd3 c5 8. O-O a6 9. Re1 Qc7 10. c3 Be7 11. dxc5 Bxc5 12. Ne5 O-O 13. Qf3 Bd6 14. Bf4 Rb8 15. Rad1 b5 16. Bc2 Bb7 17. Qh3 Rfe8 18. Qh4 Rbd8 19. Rd4 Bd5 20. a3 a5 21. Re3 a4 22. h3 Qb8 23. Qg5 h6 24. Qh4 Kf8 25. Bg3 Qb7 26. Rf4 Be7 27. Ng4 Nxg4 28. Qxg4 Bg5 29. h4 Bxf4 30. Bxf4 Bb3 31. Be4 Bd5 32. Bc2 Bb3 33. Be4 1/2-1/2

[Event "45th FIDE Womens Olympiad 2024"]
[Site "Budapest"]
[Date "2024.09.14"]
[Round "4.55"]
[White "Jacimovic, Sara"]
[Black "Hryzlova, Sofiia"]
[Result "0-1"]
[ECO "B81"]
[WhiteElo "1981"]
[BlackElo "2188"]
[Annotator "ChessBase"]
[PlyCount "72"]
[EventDate "2024.09.05"]
[EventType "team-tourn"]
[EventCountry "HUN"]
[SourceTitle "playchess.com"]
[Source "ChessBase"]
[SourceQuality "1"]
[WhiteTeam "Bosnia & Herzegovina"]
[BlackTeam "Switzerland"]
[WhiteTeamCountry "BIH"]
[BlackTeamCountry "SUI"]
[TimeControl "40/5400+30:1800+30"]

1. e4 c5 2. Nf3 d6 3. d4 cxd4 4. Nxd4 Nf6 5. Nc3 a6 6. h3 e6 7. g4 d5 8. e5 Nfd7 9. Qe2 Qb6 10. Nb3 Nc6 11. f4 Be7 12. Be3 Qc7 13. h4 b5 14. Qf2 Bb7 15. Bg2 Rc8 16. O-O O-O 17. a4 b4 18. Ne2 f6 19. Ned4 Nxd4 20. Nxd4 Nc5 21. Qg3 a5 22. b3 Ba6 23. Rfd1 fxe5 24. fxe5 Bf6 25. g5 Bxe5 26. Qg4 Rce8 27. Kh1 Ne4 28. Bxe4 dxe4 29. Rac1 Qc3 30. Qg1 Bf4 31. Re1 e5 32. Nb5 Qc6 33. Qg2 Bxe3 34. Rxe3 Rf4 35. Qh2 Ref8 36. Kg1 Qc5 0-1

[Event "45th FIDE Womens Olympiad 2024"]
[Site "Budapest"]
[Date "2024.09.14"]
[Round "4.56"]
[White "Manko, Mariia"]
[Black "Mimic, Sofija"]
[Result "1-0"]
[ECO "E69"]
[WhiteElo "2159"]
[BlackElo "1809"]
[Annotator "ChessBase"]
[PlyCount "93"]
[EventDate "2024.09.05"]
[EventType "team-tourn"]
[EventCountry "HUN"]
[SourceTitle "playchess.com"]
[Source "ChessBase"]
[SourceQuality "1"]
[WhiteTeam "Switzerland"]
[BlackTeam "Bosnia & Herzegovina"]
[WhiteTeamCountry "SUI"]
[BlackTeamCountry "BIH"]
[TimeControl "40/5400+30:1800+30"]

1. d4 Nf6 2. c4 g6 3. Nf3 Bg7 4. g3 O-O 5. Bg2 d6 6. Nc3 c6 7. O-O Qa5 8. e4 e5 9. h3 Nbd7 10. d5 cxd5 11. cxd5 Nc5 12. Qc2 Bd7 13. Rb1 Qc7 14. Nd2 Rfc8 15. Nb3 Ncxe4 16. Bxe4 Nxe4 17. Qxe4 Bxh3 18. Be3 Bxf1 19. Rxf1 b6 20. Nd2 f5 21. Qh4 Qf7 22. Nf3 Bf6 23. Bg5 Bxg5 24. Nxg5 Qe7 25. Qh6 Qg7 26. Qxg7+ Kxg7 27. Nb5 Rc2 28. Rb1 Rac8 29. Nxd6 Rc1+ 30. Rxc1 Rxc1+ 31. Kg2 h6 32. Ne6+ Kf6 33. Nb5 Ke7 34. Nec7 Kd7 35. d6 Rd1 36. Kf3 Rd2 37. Na6 Kc6 38. a4 Rxb2 39. Ke3 Kd7 40. Nb8+ Kd8 41. Nxa7 Rc2 42. Kd3 Rc5 43. Nac6+ Rxc6 44. Nxc6+ Kd7 45. Nxe5+ Kxd6 46. Nxg6 Kc5 47. Ne7 1-0

[Event "45th FIDE Womens Olympiad 2024"]
[Site "Budapest"]
[Date "2024.09.14"]
[Round "4.57"]
[White "Brunello, Marina"]
[Black "Stojkovska, Monika"]
[Result "1-0"]
[ECO "C11"]
[WhiteElo "2348"]
[BlackElo "2043"]
[Annotator "ChessBase"]
[PlyCount "91"]
[EventDate "2024.09.05"]
[EventType "team-tourn"]
[EventCountry "HUN"]
[SourceTitle "playchess.com"]
[Source "ChessBase"]
[SourceQuality "1"]
[WhiteTeam "Italy"]
[BlackTeam "North Macedonia"]
[WhiteTeamCountry "ITA"]
[BlackTeamCountry "MKD"]
[TimeControl "40/5400+30:1800+30"]

1. e4 e6 2. d4 d5 3. Nc3 Nf6 4. e5 Nfd7 5. f4 c5 6. Nf3 Nc6 7. Be3 cxd4 8. Nxd4 Qb6 9. a3 Bc5 10. Ncb5 Nxd4 11. Bxd4 O-O 12. b4 Bxd4 13. Qxd4 f6 14. Qxb6 Nxb6 15. exf6 Rxf6 16. g3 a6 17. Nd4 Bd7 18. Kd2 Rc8 19. Re1 Kf8 20. h4 h5 21. Re5 g6 22. Bd3 Ke7 23. Rhe1 Kd6 24. Rg5 Be8 25. Nb3 Nd7 26. a4 Rc7 27. a5 Nb8 28. c3 Nc6 29. Rge5 Re7 30. Bc2 Rf8 31. Rg5 Rf6 32. Nc5 e5 33. Nxb7+ Rxb7 34. fxe5+ Nxe5 35. Rexe5 Bf7 36. Bd3 Ra7 37. Re1 Ra8 38. Rf1 Rxf1 39. Bxf1 Ke7 40. Bd3 Kf6 41. Ke3 Rc8 42. Kd4 Rc6 43. Re5 Be6 44. Re3 Bc8 45. b5 axb5 46. Bxb5 1-0

[Event "45th FIDE Womens Olympiad 2024"]
[Site "Budapest"]
[Date "2024.09.14"]
[Round "4.58"]
[White "Manova, Ivana"]
[Black "Zimina, Olga"]
[Result "0-1"]
[ECO "C47"]
[WhiteElo "2031"]
[BlackElo "2302"]
[Annotator "ChessBase"]
[PlyCount "74"]
[EventDate "2024.09.05"]
[EventType "team-tourn"]
[EventCountry "HUN"]
[SourceTitle "playchess.com"]
[Source "ChessBase"]
[SourceQuality "1"]
[WhiteTeam "North Macedonia"]
[BlackTeam "Italy"]
[WhiteTeamCountry "MKD"]
[BlackTeamCountry "ITA"]
[TimeControl "40/5400+30:1800+30"]

1. e4 e5 2. Nf3 Nc6 3. Nc3 Nf6 4. d4 exd4 5. Nxd4 Bb4 6. Nxc6 bxc6 7. Bd3 d5 8. exd5 cxd5 9. O-O O-O 10. h3 c6 11. Qf3 Be6 12. Bf4 Bd6 13. Rfe1 Rb8 14. b3 Rb4 15. Bg5 h6 16. Bd2 Nd7 17. Ne2 Ne5 18. Qe3 Rh4 19. Bc3 Nxd3 20. cxd3 Re8 21. Nd4 Bd7 22. Qf3 Rf4 23. Rxe8+ Bxe8 24. Qe2 c5 25. Nf3 d4 26. Ba5 Qa8 27. Nd2 Bc6 28. Nc4 Bb8 29. f3 Rf6 30. Rf1 Re6 31. Qd1 Rg6 32. Be1 Qb7 33. g4 h5 34. Bd2 hxg4 35. fxg4 Bg2 36. Qe1 Bxh3 37. Qe8+ Kh7 0-1

[Event "45th FIDE Womens Olympiad 2024"]
[Site "Budapest"]
[Date "2024.09.14"]
[Round "4.59"]
[White "Sedina, Elena"]
[Black "Zhezhovska, Monika"]
[Result "1-0"]
[ECO "B31"]
[WhiteElo "2196"]
[BlackElo "2106"]
[Annotator "ChessBase"]
[PlyCount "37"]
[EventDate "2024.09.05"]
[EventType "team-tourn"]
[EventCountry "HUN"]
[SourceTitle "playchess.com"]
[Source "ChessBase"]
[SourceQuality "1"]
[WhiteTeam "Italy"]
[BlackTeam "North Macedonia"]
[WhiteTeamCountry "ITA"]
[BlackTeamCountry "MKD"]
[TimeControl "40/5400+30:1800+30"]

1. e4 c5 2. Nf3 Nc6 3. Bb5 g6 4. O-O Bg7 5. d3 e5 6. a3 Nge7 7. b4 cxb4 8. axb4 Nxb4 9. Ba3 Nbc6 10. Bd6 O-O 11. Nc3 Re8 12. Bc4 Nd4 13. Nxd4 exd4 14. Nb5 Nc6 15. Nc7 Re6 16. Bg3 Be5 17. Nxa8 Re8 18. Qf3 Rf8 19. Bd5 1-0

[Event "45th FIDE Womens Olympiad 2024"]
[Site "Budapest"]
[Date "2024.09.14"]
[Round "4.60"]
[White "Eftovska, Lea"]
[Black "Sala, Giulia"]
[Result "1/2-1/2"]
[ECO "B23"]
[WhiteElo "1839"]
[BlackElo "2115"]
[Annotator "NA"]
[PlyCount "98"]
[EventDate "2024.09.05"]
[EventType "team-tourn"]
[EventCountry "HUN"]
[SourceTitle "playchess.com"]
[Source "ChessBase"]
[SourceQuality "1"]
[WhiteTeam "North Macedonia"]
[BlackTeam "Italy"]
[WhiteTeamCountry "MKD"]
[BlackTeamCountry "ITA"]
[TimeControl "40/5400+30:1800+30"]

1. e4 c5 2. Nc3 a6 3. g3 b5 4. Bg2 Bb7 5. d3 e6 6. f4 Nf6 7. Nf3 d5 8. e5 Ng8 9. O-O h5 10. Qe1 Nh6 11. Ne2 Be7 12. Bd2 Nc6 13. c3 h4 14. d4 hxg3 15. hxg3 Nf5 16. Qf2 c4 17. g4 Nh4 18. Nxh4 Bxh4 19. Qf3 Qd7 20. f5 O-O-O 21. fxe6 fxe6 22. g5 Ne7 23. Bh3 Kc7 24. Qg4 Nf5 25. Nf4 Bc8 26. Nxe6+ Qxe6 27. Qxf5 Bf2+ 28. Rxf2 Rxh3 29. Qxe6 Bxe6 30. Rh2 Rf8 31. Rxh3 Bxh3 32. Be3 Kd7 33. Kh2 Rf3 34. Re1 Ke6 35. Bc1 Bf5 36. Be3 Be4 37. Re2 Kf5 38. Rf2 Rxf2+ 39. Bxf2 Kxg5 40. Kg3 Kf5 41. Be3 Bc2 42. Bf4 Bd1 43. a3 Bh5 44. Bc1 Bf7 45. Kh4 Ke4 46. Bg5 Be6 47. Be7 Kf5 48. Bd8 g6 49. Be7 Bd7 1/2-1/2

[Event "45th FIDE Womens Olympiad 2024"]
[Site "Budapest"]
[Date "2024.09.14"]
[Round "4.61"]
[White "Dornbusch, Tatiana"]
[Black "Efroimski, Marsel"]
[Result "1-0"]
[ECO "A46"]
[WhiteElo "2212"]
[BlackElo "2408"]
[Annotator "ChessBase"]
[PlyCount "103"]
[EventDate "2024.09.05"]
[EventType "team-tourn"]
[EventCountry "HUN"]
[SourceTitle "playchess.com"]
[Source "ChessBase"]
[SourceQuality "1"]
[WhiteTeam "Monaco"]
[BlackTeam "Israel"]
[WhiteTeamCountry "MNC"]
[BlackTeamCountry "ISR"]
[TimeControl "40/5400+30:1800+30"]

1. d4 Nf6 2. Nf3 e6 3. g3 b5 4. Bg2 Bb7 5. a4 b4 6. c4 c5 7. O-O cxd4 8. Qxd4 Nc6 9. Qd3 Na5 10. Be3 Be4 11. Qd1 Nxc4 12. Bd4 Be7 13. b3 Na5 14. Nbd2 Bb7 15. Qc2 d5 16. Rac1 h6 17. g4 Nc6 18. Ba1 Qd6 19. h3 e5 20. Rfd1 Qe6 21. Nxe5 Nxe5 22. Qc7 Bd6 23. Qxb7 O-O 24. Nf1 Rfb8 25. Bxd5 Qe8 26. Qxa8 Rxa8 27. Bxa8 Qxa8 28. Rxd6 Qe4 29. Ng3 Qf4 30. Rcd1 Nexg4 31. hxg4 Nxg4 32. Rd8+ Kh7 33. Bd4 h5 34. Rd5 g6 35. Rd8 f6 36. Rd7+ Kh6 37. Kg2 h4 38. Rh1 Kg5 39. Nf1 Qe4+ 40. Kg1 Qxe2 41. Be3+ Nxe3 42. Nxe3 f5 43. Rxa7 Qd3 44. Rh3 Qb1+ 45. Kh2 Qb2 46. Kg2 Qd4 47. Rh7 Qe4+ 48. Kg1 f4 49. R7xh4 Qb1+ 50. Nf1 Kf5 51. Kg2 Qe4+ 52. Rf3 1-0

[Event "45th FIDE Womens Olympiad 2024"]
[Site "Budapest"]
[Date "2024.09.14"]
[Round "4.62"]
[White "Klinova, Masha"]
[Black "Zvereva, Marija"]
[Result "1-0"]
[ECO "B30"]
[WhiteElo "2227"]
[BlackElo "2035"]
[Annotator "ChessBase"]
[PlyCount "143"]
[EventDate "2024.09.05"]
[EventType "team-tourn"]
[EventCountry "HUN"]
[SourceTitle "playchess.com"]
[Source "ChessBase"]
[SourceQuality "1"]
[WhiteTeam "Israel"]
[BlackTeam "Monaco"]
[WhiteTeamCountry "ISR"]
[BlackTeamCountry "MNC"]
[TimeControl "40/5400+30:1800+30"]

1. e4 c5 2. Nf3 Nc6 3. Bb5 e6 4. O-O Nge7 5. Re1 a6 6. Bf1 g6 7. c3 Bg7 8. d4 cxd4 9. cxd4 d5 10. e5 Nf5 11. Nc3 h6 12. Ne2 O-O 13. b3 Bd7 14. Ng3 Nh4 15. Nxh4 Qxh4 16. Ne2 Kh7 17. Be3 Rac8 18. Qd2 Qe7 19. a3 Na7 20. a4 Nc6 21. Rec1 f6 22. f4 f5 23. Bf2 Rg8 24. Be1 Bf8 25. Rab1 a5 26. Nc3 Qb4 27. Nb5 Qxd2 28. Bxd2 g5 29. Kf2 Be7 30. g3 gxf4 31. Bxf4 Nb4 32. Nd6 Rc2+ 33. Rxc2 Nxc2 34. Rd1 Bc6 35. Rd2 Nb4 36. Be2 Kg6 37. Ke3 Bg5 38. Bd1 Rb8 39. h4 Be7 40. g4 Bxh4 41. gxf5+ exf5 42. Rh2 Bg5 43. Bh5+ Kh7 44. Bxg5 hxg5 45. Nxf5 Kg8 46. Rg2 Bd7 47. Rxg5+ Kf8 48. Nd6 b5 49. axb5 Bxb5 50. Rf5+ Kg7 51. Rf7+ Kg8 52. Bg6 Be8 53. Bh7+ Kh8 54. Re7 Bh5 55. Bf5 Bd1 56. Ne8 Rxe8 57. Rxe8+ Kg7 58. Ra8 Bxb3 59. Rxa5 Nc6 60. Ra6 Ne7 61. Kf4 Bc4 62. Ra7 Kf8 63. Rc7 Bb5 64. Bd7 Bd3 65. Kg5 Kf7 66. Bg4 Be4 67. Rb7 Kf8 68. Be6 Nc6 69. Kf6 Nd8 70. Rc7 Bf3 71. Bd7 Kg8 72. Rc8 1-0

[Event "45th FIDE Womens Olympiad 2024"]
[Site "Budapest"]
[Date "2024.09.14"]
[Round "4.63"]
[White "Berezovsky, Fiorina"]
[Black "Levitan, Ronit"]
[Result "1-0"]
[ECO "D37"]
[WhiteElo "1976"]
[BlackElo "2137"]
[Annotator "NA"]
[PlyCount "65"]
[EventDate "2024.09.05"]
[EventType "team-tourn"]
[EventCountry "HUN"]
[SourceTitle "playchess.com"]
[Source "ChessBase"]
[SourceQuality "1"]
[WhiteTeam "Monaco"]
[BlackTeam "Israel"]
[WhiteTeamCountry "MNC"]
[BlackTeamCountry "ISR"]
[TimeControl "40/5400+30:1800+30"]

1. d4 Nf6 2. c4 e6 3. Nc3 d5 4. Nf3 Be7 5. Bf4 O-O 6. e3 b6 7. Bd3 Bb7 8. cxd5 Nxd5 9. Nxd5 Qxd5 10. Bxc7 Qa5+ 11. Ke2 Na6 12. Bg3 Nb4 13. Ne5 Nxd3 14. Qxd3 Rac8 15. Rhc1 Rxc1 16. Rxc1 Ba6 17. Nc4 Qxa2 18. Rc2 Rc8 19. b3 Qb1 20. e4 h6 21. Bf4 Bxc4 22. bxc4 b5 23. c5 b4 24. Rc1 Qa2+ 25. Rc2 Qa4 26. Qc4 a5 27. c6 Bf6 28. d5 exd5 29. exd5 Re8+ 30. Be3 Qa1 31. d6 Qe5 32. d7 Qh5+ 33. g4 1-0

[Event "45th FIDE Womens Olympiad 2024"]
[Site "Budapest"]
[Date "2024.09.14"]
[Round "4.64"]
[White "Kochavi, Dana"]
[Black "Berezovska, Svetlana"]
[Result "1-0"]
[ECO "B42"]
[WhiteElo "2009"]
[BlackElo "1869"]
[Annotator "NA"]
[PlyCount "99"]
[EventDate "2024.09.05"]
[EventType "team-tourn"]
[EventCountry "HUN"]
[SourceTitle "playchess.com"]
[Source "ChessBase"]
[SourceQuality "1"]
[WhiteTeam "Israel"]
[BlackTeam "Monaco"]
[WhiteTeamCountry "ISR"]
[BlackTeamCountry "MNC"]
[TimeControl "40/5400+30:1800+30"]

1. e4 c5 2. Nf3 e6 3. d4 cxd4 4. Nxd4 a6 5. Bd3 Bc5 6. Nb3 Ba7 7. Bf4 d6 8. Qd2 Nc6 9. Nc3 b5 10. O-O-O Nge7 11. Kb1 O-O 12. Be2 b4 13. Na4 e5 14. Be3 Bxe3 15. fxe3 f5 16. Bc4+ Kh8 17. Qxd6 fxe4 18. Qxd8 Rxd8 19. Rxd8+ Nxd8 20. Nb6 Rb8 21. Nxc8 Rxc8 22. Bxa6 Rc6 23. Bb5 Rf6 24. Nc5 Rf2 25. Rd1 Nf7 26. Bc4 Nh6 27. g4 Rxh2 28. Nxe4 g6 29. Be6 Re2 30. g5 Nhf5 31. a4 bxa3 32. Nf6 Kg7 33. Rd7 Re1+ 34. Ka2 axb2 35. Kxb2 Kf8 36. Nxh7+ Ke8 37. Nf6+ Kf8 38. e4 Nd4 39. Rd8+ Kg7 40. Re8 Nxe6 41. Rxe7+ Kf8 42. Rxe6 Re3 43. Rxe5 Kf7 44. c4 Rd3 45. Rd5 Rh3 46. c5 Rh8 47. c6 Ke6 48. c7 Rc8 49. Rd7 Ke5 50. Kb3 1-0

[Event "45th FIDE Womens Olympiad 2024"]
[Site "Budapest"]
[Date "2024.09.14"]
[Round "4.65"]
[White "Arakhamia-Grant, Ketevan"]
[Black "Ouellet, Maili-Jade"]
[Result "1-0"]
[ECO "B15"]
[WhiteElo "2263"]
[BlackElo "2318"]
[Annotator "ChessBase"]
[PlyCount "129"]
[EventDate "2024.09.05"]
[EventType "team-tourn"]
[EventCountry "HUN"]
[SourceTitle "playchess.com"]
[Source "ChessBase"]
[SourceQuality "1"]
[WhiteTeam "Scotland"]
[BlackTeam "Canada"]
[WhiteTeamCountry "SCO"]
[BlackTeamCountry "CAN"]
[TimeControl "40/5400+30:1800+30"]

1. e4 c6 2. d4 d5 3. Nd2 dxe4 4. Nxe4 Nf6 5. Nxf6+ exf6 6. c3 Bd6 7. Bd3 O-O 8. Qc2 Re8+ 9. Ne2 h5 10. Be3 Nd7 11. O-O-O Nf8 12. c4 h4 13. h3 Be6 14. Kb1 Rc8 15. Nc3 Bb4 16. Ne4 Be7 17. g4 b5 18. c5 Bd5 19. Rhe1 a5 20. f4 Ne6 21. Qd2 b4 22. f5 Nc7 23. Bf4 Bxe4 24. Rxe4 Bf8 25. Rxe8 Qxe8 26. g5 Nd5 27. gxf6 Nxf6 28. Qg2 Nd5 29. Bd2 Ne3 30. Bxe3 Qxe3 31. f6 Rd8 32. Qg4 g6 33. Bxg6 Qg3 34. Bf5+ Qxg4 35. Bxg4 Bh6 36. d5 cxd5 37. c6 Bf4 38. Bd7 Kh7 39. Rxd5 Bc7 40. Rg5 Kh6 41. Rg7 Rf8 42. Kc2 Be5 43. Rg4 Rb8 44. Kb3 Ra8 45. Ka4 Ra7 46. Kb5 Bg3 47. b3 Ra8 48. Kb6 Rb8+ 49. Kxa5 Ra8+ 50. Kb6 Rb8+ 51. Ka7 Kh5 52. Rg7 Rf8 53. Kb6 Rb8+ 54. Kc5 Ra8 55. Bg4+ Kh6 56. Rxf7 Rxa2 57. c7 Kg6 58. Re7 Kxf6 59. Re6+ Kg5 60. Rc6 Bxc7 61. Rxc7 Rc2+ 62. Kd6 Rc3 63. Be6 Rd3+ 64. Ke7 Kh6 65. Rc4 1-0

[Event "45th FIDE Womens Olympiad 2024"]
[Site "Budapest"]
[Date "2024.09.14"]
[Round "4.66"]
[White "Li, Yunshan"]
[Black "Cooke, Suzie G."]
[Result "1/2-1/2"]
[ECO "D34"]
[WhiteElo "2268"]
[BlackElo "1941"]
[Annotator "ChessBase"]
[PlyCount "60"]
[EventDate "2024.09.05"]
[EventType "team-tourn"]
[EventCountry "HUN"]
[SourceTitle "playchess.com"]
[Source "ChessBase"]
[SourceQuality "1"]
[WhiteTeam "Canada"]
[BlackTeam "Scotland"]
[WhiteTeamCountry "CAN"]
[BlackTeamCountry "SCO"]
[TimeControl "40/5400+30:1800+30"]

1. d4 e6 2. c4 Nf6 3. g3 d5 4. Bg2 c5 5. cxd5 exd5 6. Nf3 Nc6 7. Nc3 c4 8. O-O Be7 9. Ne5 O-O 10. b3 cxb3 11. axb3 Nb4 12. Ba3 Bf5 13. Qd2 Rc8 14. Rfc1 a5 15. Nd1 Bc2 16. Ne3 Bxb3 17. Nf5 Rxc1+ 18. Rxc1 Kh8 19. Nxe7 Qxe7 20. Nd3 Re8 21. Bf3 Bc4 22. Nxb4 axb4 23. Bxb4 Qe6 24. Ra1 Ne4 25. Qe3 h6 26. Bxe4 Qxe4 27. Qxe4 Rxe4 28. e3 Re8 29. Bc5 b5 30. Ra7 Kg8 1/2-1/2

[Event "45th FIDE Womens Olympiad 2024"]
[Site "Budapest"]
[Date "2024.09.14"]
[Round "4.67"]
[White "Giulian, Rosemary A"]
[Black "Demchenko, Svitlana"]
[Result "1/2-1/2"]
[ECO "B22"]
[WhiteElo "1922"]
[BlackElo "2167"]
[Annotator "ChessBase"]
[PlyCount "60"]
[EventDate "2024.09.05"]
[EventType "team-tourn"]
[EventCountry "HUN"]
[SourceTitle "playchess.com"]
[Source "ChessBase"]
[SourceQuality "1"]
[WhiteTeam "Scotland"]
[BlackTeam "Canada"]
[WhiteTeamCountry "SCO"]
[BlackTeamCountry "CAN"]
[TimeControl "40/5400+30:1800+30"]

1. e4 c5 2. c3 Nf6 3. e5 Nd5 4. Nf3 Nc6 5. d4 cxd4 6. cxd4 d6 7. Bc4 Nb6 8. Bb5 Bd7 9. Nc3 dxe5 10. dxe5 g6 11. O-O Bg7 12. Bf4 O-O 13. h3 a6 14. Bd3 Rc8 15. Qe2 Nb4 16. Be4 Bc6 17. Bxc6 Rxc6 18. Rfd1 N4d5 19. Nxd5 Nxd5 20. Bg3 e6 21. Nd4 Rc7 22. Rac1 Rd7 23. Nb3 Qb6 24. Nc5 Rc7 25. Ne4 Rfc8 26. Qd2 Rc6 27. Nd6 R8c7 28. Ne8 Rc8 29. Nd6 R8c7 30. Ne8 Rc8 1/2-1/2